[Event "*** Titled Tuesday Blitz"]
[Site "Chess.com"]
[Date "2021.02.09"]
[Round "3"]
[White "PlotnikovPavel"]
[Black "DvaHrasta"]
[Result "0-1"]
[WhiteElo "2554"]
[BlackElo "2406"]
[TimeControl "180+1"]
[EndTime "10:29:46 PST"]
[Termination "DvaHrasta won on time"]

1. e4 c6 2. d4 d5 3. e5 c5 4. c4 Nc6 5. Nf3 Bg4 6. cxd5 Bxf3 7. Qxf3 Nxd4 8. Qe4 f5 9. Qd3 Qxd5 10. Bf4 g5 11. Nc3 Qe6 12. Bxg5 Qxe5+ 13. Be2 Rd8 14. O-O Nxe2+ 15.
Qxe2 Qxe2 16. Nxe2 Bg7 17. Nf4 Rd6 18. Rfe1 Kf7 19.
Rac1 b6 20. b4 Rc6 21. bxc5 bxc5 22. Nd3 c4 23. Nb4 Rc5 24. Be3 Rc8 25. Bxa7 Nf6 26. Rc2 Rhd8 27. f3 Rd7 28. Be3 Nd5 29. Nxd5 Rxd5 30.
Rec1 c3 31. a4 Ra5 32. Ra1 Rc4 33. Rca2 e5 34. Bb6 Ra6 35. a5 e4 36. fxe4 fxe4 37. Ra4 Rc6 38. Rc1 Rcxb6 39. Rxe4 Rxa5 40. Rf1+ Rf6 41. Rxf6+ Bxf6 42. Rc4 Ke6 43. Kf2 Kd5 44. Rc8 Rc5 45.
Rd8+ Kc4 46. Rd6 Bd4+ 47. Ke2 Ra5 48. Rc6+ Bc5 49. Re6 Ra2+ 50. Kf3 c2 51. Re4+ Bd4 52.
Re2 Ra3+ 53. Ke4 c1=Q 54. Rc2+ Qxc2+ 0-1

[Event "*** Titled Tuesday Blitz"]
[Site "Chess.com"]
[Date "2021.02.09"]
[Round "3"]
[White "Alexchess1984"]
[Black "amintabatabaei"]
[Result "1-0"]
[WhiteElo "2700"]
[BlackElo "2932"]
[TimeControl "180+1"]
[EndTime "10:29:49 PST"]
[Termination "Alexchess1984 won by checkmate"]

1. e4 g6 2. Nc3 d6 3. d4 a6 4.
a4 Nf6 5. h3 Bg7 6. Nf3 O-O 7.
Bg5 Nc6 8. Qd2 Rb8 9. a5 Re8 10. Be2 e5 11. dxe5 Nxe5 12. O-O Nxf3+ 13. Bxf3 Be6 14.
Rfe1 Qc8 15. Nd5 Bxd5 16. exd5 Qf5 17. Bxf6 Bxf6 18. c3 h5 19. Re2 Bg5 20. Qc2 Qf4 21. Rae1 Rxe2 22. Rxe2 h4 23. Re4 Qf5 24. Qd3 Kg7 25.
Qc4 Rc8 26. Bg4 Qxe4 27. Qxe4 Rf8 28. Qd4+ Bf6 29. Qb4 Re8 30. Kf1 Bg5 31. f4 Bh6 32. Kf2 Re7 33. Bf3 f5 34. g4 hxg3+ 35.
Kxg3 g5 36. fxg5 Bxg5 37. Qxb7 f4+ 38. Kg4 Kh6 39. Qc8 Bf6 40. Kf5 Be5 41. Qf8+ Rg7 42.
h4 Kh7 43. h5 Rg8 44. Qf7+ Rg7 45. Qe8 Rg8 46. Qc6 Rg7 47. Qxa6 Rg3 48. Qd3 Kh6 49.
a6 Rg8 50. a7 Rf8+ 51. Ke6 Ra8 52. Qg6# 1-0

[Event "*** Titled Tuesday Blitz"]
[Site "Chess.com"]
[Date "2021.02.09"]
[Round "3"]
[White "chessmadara"]
[Black "Grammnik"]
[Result "0-1"]
[WhiteElo "2160"]
[BlackElo "2415"]
[TimeControl "180+1"]
[EndTime "10:29:49 PST"]
[Termination "Grammnik won on time"]

1. c4 c5 2. g3 Nf6 3. Bg2 d5 4.
cxd5 Nxd5 5. Nc3 Nc7 6. Nf3 Nc6 7. O-O e5 8. d3 Be7 9. Be3 O-O 10. Rc1 Rb8 11.
a3 Be6 12. Ne4 b6 13. b4 Nd5 14. Bd2 h6 15. bxc5 f5 16. cxb6 fxe4 17. dxe4 Rxb6 18.
exd5 Bxd5 19. Be3 Ra6 20. Nxe5 Bxg2 21. Qb3+ Qd5 22. Qxd5+ Bxd5 23. Ng6 Rf7 24. Nxe7+ Nxe7 25. Bc5 Ng6 26. Rfd1 Be6 27. f3 h5 28. Kf2 h4 29.
Rd6 Rxd6 30. Bxd6 hxg3+ 31. hxg3 Rd7 32. Bc5 Ne7 33. Rb1 a6 34. Rb6 Bc4 35. Rb8+ Kf7 36. Rb6 Nd5 37. Rd6 Rc7 38. Bb4 Nxb4 39. axb4 Rb7 40. Rc6 Rxb4 41. Ke3 a5 42. f4 a4 43.
Rc7+ Kg8 44. Ra7 Bd5 45. Ra5 Bf7 46. Ra8+ Kh7 47. Kd3 Bb3 48. Kc3 Re4 49. Kd3 Re7 50.
e4 Rd7+ 51. Kc3 Kg6 52. Ra6+ Kh5 53. e5 Rc7+ 54. Kb2 g6 0-1

[Event "*** Titled Tuesday Blitz"]
[Site "Chess.com"]
[Date "2021.02.09"]
[Round "3"]
[White "Godzillator"]
[Black "reniite"]
[Result "0-1"]
[WhiteElo "2267"]
[BlackElo "2010"]
[TimeControl "180+1"]
[EndTime "10:29:49 PST"]
[Termination "reniite won by resignation"]

1. d4 Nf6 2. c4 e6 3. Nc3 Bb4 4. Qc2 c5 5. dxc5 O-O 6. Nf3 Na6 7. Bg5 Nxc5 8. Nd2 h6 9. Bh4 Bxc3 10. Qxc3 g5 11.
Bg3 Nce4 12. Qc2 d5 13. e3 Nxd2 14. Qxd2 Ne4 15. Qb4 a5 16. Qb3 dxc4 17. Qc2 f5 18. Be5 b5 19. Rd1 Qb6 20. Bd4 Qc6 21. f3 Nf6 22. h4 g4 23. Be2 Bb7 24. Kf2 gxf3 25. gxf3 Qc7 26. Rdg1+ Kf7 27. Rg2 Rg8 28. Rhg1 Rxg2+ 29. Rxg2 Rg8 30. Qc3 Rxg2+ 31. Kxg2 Nh5 32. Qe1 Kg8 33. Kh3 e5 34. Qg1+ Kh7 35. Bc3 b4 36. Bd2 f4 37. Bd1 Qd7+ 38. Qg4 Qxd2 39. Qf5+ Kg7 40.
Bc2 e4 41. Qe5+ Kf8 42. Qb8+ Ke7 43. Qxb7+ Qd7+ 44. Qxd7+ Kxd7 45. Bxe4 fxe3 46. Kg2 Nf4+ 47. Kf1 e2+ 48. Ke1 Nd3+ 49. Kxe2 Nxb2 50. f4 c3 51. f5 Kd6 52. Bc2 Ke5 53. Kf3 Kf6 54. Ke4 Nc4 55. Kd4 Nd2 56. Kc5 a4 57. Kxb4 Nf3 58. h5 Nd4 59.
Kxc3 Nxc2 60. Kxc2 Kxf5 61. Kc3 Kg5 62. Kb4 Kxh5 63.
Kxa4 Kg4 64. Kb4 h5 65. a4 h4 66. Kc5 h3 67. Kb6 h2 68. a5 h1=Q 69. a6 Qa8 70.
Kb5 Kf5 71. Kb6 Ke5 72. Kb5 Kd6 73. Kb6 Kd7 0-1

[Event "*** Titled Tuesday Blitz"]
[Site "Chess.com"]
[Date "2021.02.09"]
[Round "3"]
[White "Happy1712Drummer"]
[Black "AttilaTurzo"]
[Result "1-0"]
[WhiteElo "2378"]
[BlackElo "2520"]
[TimeControl "180+1"]
[EndTime "10:29:50 PST"]
[Termination "Happy1712Drummer won by resignation"]

1. Nf3 d5 2. d4 c6 3. e3 Nf6 4.
c4 Bf5 5. Nc3 e6 6. Bd3 Bg6 7.
Qe2 Bb4 8. Bd2 Nbd7 9. O-O O-O 10. Nxd5 Nxd5 11. cxd5 Bxd2 12. dxe6 Bxe3 13. Qxe3 fxe6 14. Bxg6 hxg6 15. Qxe6+ Kh7 16. d5 cxd5 17. Qxd5 Nf6 18. Ng5+ Kh8 19. Qxd8 Raxd8 20. Ne6 Rfe8 21. Nxd8 Rxd8 22.
Rfd1 Re8 23. Kf1 Kg8 24. Rac1 Re7 25. f3 Kf7 26. Kf2 b6 27. Rd6 Ne8 28. Rdc6 Rd7 29. R1c2 Rd1 30. h4 Ra1 31. a3 Rh1 32. Kg3 Re1 33. Kf2 Rh1 34. R6c4 Rd1 35. Ke2 Rg1 36. g4 Rh1 37. g5 Rh2+ 38. Ke3 Rh1 39. Rc7+ Nxc7 40.
Rxc7+ Ke6 41. Rxg7 Kf5 42. Rf7+ Ke5 43. Rxa7 Rxh4 44.
Ra6 b5 45. Rxg6 b4 46. f4+ Kd5 47. axb4 Rh3+ 48. Kf2 Rb3 49. Rf6 Ke4 50. g6 Rxb2+ 51. Kg3 Rxb4 52. g7 Rb1 53. Kh2 Rb2+ 54. Kh3 Rb1 55.
g8=Q Kf3 56. Qd5+ Ke3 57. Qe5+ Kf3 58. Qc3+ Ke4 59. Qc2+ Kf3 60. Qxb1 Kf2 61. Qc2+ Kf3 62. f5 Kf4 63. Rg6 Ke5 64. Rg1 Kf6 65. Qg2 Kxf5 66. Qg4+ Ke5 67. Rf1 Kd5 68. Qe2 Kd4 69. Rd1+ Kc3 70.
Qd3+ Kb2 71. Rb1+ 1-0

[Event "*** Titled Tuesday Blitz"]
[Site "Chess.com"]
[Date "2021.02.09"]
[Round "3"]
[White "cassoulet"]
[Black "davigator"]
[Result "0-1"]
[WhiteElo "2700"]
[BlackElo "2359"]
[TimeControl "180+1"]
[EndTime "10:29:50 PST"]
[Termination "davigator won by checkmate"]

1. e4 c5 2. Nc3 Nc6 3. g3 g6 4.
Bg2 Bg7 5. Nge2 d6 6. O-O e6 7. d3 Nge7 8. Bg5 O-O 9. Qd2 Re8 10. Bh6 Bh8 11. Rae1 Rb8 12. f4 b5 13. a3 a5 14. Nd1 b4 15. a4 Nd4 16. b3 Bd7 17. Ne3 f5 18. Nc4 Qc7 19. Bg5 Nec6 20. Nxd4 Nxd4 21. exf5 gxf5 22. Qd1 Bg7 23. Ne3 h6 24. Bh4 Rf8 25. Qh5 Be8 26. Qd1 Bf7 27. Rf2 Rbe8 28. h3 Kh7 29. g4 Bg6 30. Bg3 Bf6 31. Kh2 Rg8 32. Nc4 Qd8 33. g5 Be7 34. h4 hxg5 35.
fxg5 Bf7 36. Bh3 Ref8 37. Ref1 Kg7 38. Rg2 Rh8 39. Qe1 Bh5 40. Qe3 e5 41. Nxe5 dxe5 42. Bxe5+ Kg6 43. Bxh8 Rxh8 44. Bxf5+ Nxf5 45. Qe6+ Kg7 46. Qe5+ Kh7 47. Qxf5+ Bg6 48. Qg4 Kg7 49. Rgf2 Bxg5 50.
Kg2 Rxh4 51. Qf3 Be7 52. Qg3 Qd5+ 53. Rf3 Rh5 54. Qc7 Qe6 55. Qf4 Qd5 56. Qf8+ Bxf8 57. Kf2 Rh2+ 58. Ke1 Qe5+ 59. Kd1 Qe2+ 60. Kc1 Qxc2# 0-1

[Event "*** Titled Tuesday Blitz"]
[Site "Chess.com"]
[Date "2021.02.09"]
[Round "3"]
[White "Natalya_Buksa"]
[Black "Slovak_fighter2000"]
[Result "1-0"]
[WhiteElo "2567"]
[BlackElo "2390"]
[TimeControl "180+1"]
[EndTime "10:29:51 PST"]
[Termination "Natalya_Buksa won on time"]

1. d4 Nf6 2. Nc3 e6 3. e4 d5 4.
e5 Nfd7 5. f4 c5 6. Be3 Be7 7. Nf3 Nc6 8. dxc5 Bxc5 9. Nd4 a6 10.
Qd2 Nxd4 11. Bxd4 b5 12. O-O-O Qb6 13. h4 Bxd4 14. Qxd4 b4 15. Ne2 a5 16. Qxb6 Nxb6 17. Nd4 Ba6 18. f5 Ke7 19. g4 Bxf1 20. Rhxf1 Nc4 21.
Rde1 Rac8 22. g5 h6 23. g6 fxg6 24. f6+ gxf6 25. exf6+ Kf7 26. Rxe6 Rhe8 27. Ra6 Rc7 28. Nb5 Rd7 29. b3 Ne3 30. Re1 Nf5 31. Rxe8 Kxe8 32. Rxa5 Kf7 33. a4 bxa3 34. Rxa3 Kxf6 35. Ra4 g5 36.
hxg5+ Kxg5 37. Nd4 Nxd4 38. Rxd4 Kf5 39. Kd2 Ke5 40.
Rh4 Rh7 41. Rh5+ Ke4 42. c3 Rh8 43. b4 Rh7 44. Rh4+ Ke5 45. Rh5+ Ke4 46. Kc2 Rh8 47. Kb3 d4 48. Rh4+ Kf5 49. Rxd4 h5 50.
Rh4 Kg5 51. Rh1 h4 52. b5 Kf5 53. Kb4 Ke5 54. Rh3 Kd6 55. c4 Rh5 56. Rd3+ Kc7 57. Rh3 Kb6 58. Rf3 h3 59. c5+ Kc7 60. b6+ Kc6 61.
Rf6+ Kb7 62. Rf7+ Kc8 63. c6 Kd8 64. b7 Ke8 65. Rf2 1-0

[Event "*** Titled Tuesday Blitz"]
[Site "Chess.com"]
[Date "2021.02.09"]
[Round "3"]
[White "Angel_Hranitel_37"]
[Black "sopo-tereladze"]
[Result "1-0"]
[WhiteElo "2472"]
[BlackElo "2292"]
[TimeControl "180+1"]
[EndTime "10:29:51 PST"]
[Termination "Angel_Hranitel_37 won by resignation"]

1. d4 Nf6 2. Nf3 e6 3. g3 d5 4.
Bg2 Be7 5. O-O O-O 6. Nbd2 c5 7. dxc5 Bxc5 8. c4 Nc6 9. b3 Ne4 10. cxd5 exd5 11. Nxe4 dxe4 12. Ng5 Qxd1 13. Rxd1 f5 14.
h4 h6 15. Nh3 Be6 16. Nf4 Bf7 17. h5 Ne5 18. Bb2 Ng4 19. e3 Rfd8 20. Bh3 Bd6 21. Bxg4 fxg4 22. Ng6 Bc5 23. Rac1 Bb6 24. Ne7+ Kh7 25.
Nf5 g6 26. hxg6+ Bxg6 27. Nh4 Rxd1+ 28. Rxd1 Rd8 29. Bd4 Bc5 30. Ng2 b6 31. Nf4 Bf7 32. Kf1 Bxd4 33. Rxd4 Rxd4 34. exd4 Kg7 35. Ke2 Kf6 36.
Ke3 Kf5 37. Ne2 h5 38. Nc3 Be8 39. Nxe4 Bc6 40. Nd6+ Ke6 41. Nc4 Bd5 42. Nd2 Kf5 43. a3 b5 44. b4 a6 45. Nb1 Bc4 46. Nc3 Kg5 47. d5 Kf5 48. Kd4 Kf6 49. Nd1 Ke7 50. Ke5 Kd7 51. Ne3 Bd3 52. Ng2 Bc4 53. Nf4 Bb3 54.
Nxh5 a5 55. Nf6+ Ke7 56. bxa5 1-0

[Event "*** Titled Tuesday Blitz"]
[Site "Chess.com"]
[Date "2021.02.09"]
[Round "3"]
[White "ketster"]
[Black "SergeiAza"]
[Result "0-1"]
[WhiteElo "2453"]
[BlackElo "2754"]
[TimeControl "180+1"]
[EndTime "10:29:52 PST"]
[Termination "SergeiAza won by resignation"]

1. d4 f5 2. c4 Nf6 3. Nc3 e6 4.
Qc2 Bb4 5. f3 c5 6. dxc5 O-O 7.
Be3 Qa5 8. Nh3 Nc6 9. Nf4 Bxc5 10. Bd2 Qc7 11. Nd3 b6 12. e3 Bb7 13. Nxc5 bxc5 14. Be2 f4 15. O-O fxe3 16. Bxe3 Qe5 17. Qd2 Nd4 18. Bxd4 Qxd4+ 19. Qxd4 cxd4 20. Nb5 e5 21. Nd6 Bc6 22. Bd3 Ne8 23. Ne4 Rb8 24. b3 a5 25. Rfe1 Nc7 26. Nd6 Rf6 27. c5 Re6 28.
Bc4 Bd5 29. Rac1 Rb4 30. Kf2 g6 31. Re2 Kg7 32. Rce1 Kf6 33. h4 a4 34. g4 Bxc4 35.
Nxc4 axb3 36. axb3 Rxb3 37. Rxe5 Rc3 38. Rxe6+ Nxe6 39. Nb6 Rc2+ 40. Kg3 Nxc5 41. Rd1 d3 42. Nd5+ Ke5 43.
Nb4 Rc3 44. Re1+ Kd6 45. Kf4 Rc4+ 46. Ke3 Rxb4 47. h5 Rb2 48. hxg6 hxg6 49. Rh1 Re2+ 50.
Kf4 d2 51. Rd1 Nd3+ 52. Kg3 Nb2 53. Rxd2+ Rxd2 54. f4 Rd5 55. f5 gxf5 56. Kh4 fxg4 0-1

[Event "*** Titled Tuesday Blitz"]
[Site "Chess.com"]
[Date "2021.02.09"]
[Round "3"]
[White "seorobert1971"]
[Black "jefferyx"]
[Result "0-1"]
[WhiteElo "2708"]
[BlackElo "2994"]
[TimeControl "180+1"]
[EndTime "10:29:53 PST"]
[Termination "jefferyx won on time"]

1. e4 e6 2. d4 d5 3. exd5 exd5 4. Bd3 Nc6 5. c3 Bd6 6. Nf3 Nge7 7. O-O Bg4 8. Bg5 f6 9. Bh4 Qd7 10. Nbd2 O-O-O 11. b4 h5 12. Bg3 Bxg3 13. fxg3 Nf5 14.
Qe1 Rde8 15. Qf2 Nd6 16. Nb3 Ne4 17. Qc2 h4 18. gxh4 Bxf3 19. Rxf3 Rxh4 20. Nc5 Qg4 21.
Raf1 Reh8 22. Bxe4 dxe4 23. Rg3 Rxh2 24. Rxg4 e3 25. Qf5+ Kb8 26. Rh4 R2xh4 27. Qh3 Rxh3 28. gxh3 Rxh3 29. Kg2 Rh5 30. Re1 b6 31. Nd3 a5 32.
a3 axb4 33. axb4 Kc8 34. Rxe3 Kd7 35. Nf4 Rf5 36. Ne6 Nd8 37. Nf8+ Kd6 38. Re8 Nf7 39.
c4 Ng5 40. Kg3 Rf3+ 41. Kg4 Rd3 42. c5+ Kc6 43. Rd8 bxc5 44. bxc5 Nf7 45. Re8 Rxd4+ 46. Kf5 Ng5 47. Kg6 Kxc5 48. Kxg7 Rd6 49. Kg6 Kd5 50. Kf5 c5 51. Re1 Nf3 52. Rd1+ Nd4+ 53. Kf4 c4 54. Ng6 c3 55. Ke3 Kc4 56. Nf4 c2 57.
Rc1 Kc3 0-1

[Event "*** Titled Tuesday Blitz"]
[Site "Chess.com"]
[Date "2021.02.09"]
[Round "3"]
[White "jens1102"]
[Black "Adham_Fawzy"]
[Result "0-1"]
[WhiteElo "2455"]
[BlackElo "2767"]
[TimeControl "180+1"]
[EndTime "10:29:54 PST"]
[Termination "Adham_Fawzy won by resignation"]

1. d4 Nf6 2. c4 e6 3. Nc3 Bb4 4. Nf3 b6 5. g3 Bb7 6. Bg2 O-O 7. O-O Bxc3 8. bxc3 d6 9. Bg5 Nbd7 10. Qd3 h6 11. Bxf6 Nxf6 12. Nd2 Bxg2 13. Kxg2 e5 14. e4 Re8 15.
Rae1 Qd7 16. f4 Rad8 17. fxe5 dxe5 18. Nf3 Qa4 19. Re2 exd4 20. cxd4 c5 21. d5 b5 22. Rc1 bxc4 23. Rxc4 Qa6 24. Qc2 g5 25. Ng1 Nd7 26.
Qa4 Qg6 27. Qc6 Qg7 28. Rcc2 Qd4 29. Nf3 Qd3 30. Rcd2 Qa3 31. h3 Kg7 32. e5 Re7 33. e6 Nf6 34. exf7 Re3 35. Rxe3 Qxe3 36. Qe6 Nxd5 37.
Qxe3 Nxe3+ 38. Kf2 Rxd2+ 39. Nxd2 Nd1+ 40. Ke2 Nc3+ 41. Kd3 Nxa2 42. Kc4 Kxf7 43. Kxc5 Nc3 44. Kd4 Ne2+ 45. Ke5 Nxg3 46. Nf3 Kg6 47. Nd4 h5 48.
Nc6 a6 49. Ne7+ Kf7 50. Nc6 h4 51. Na5 Kg6 52. Nc4 Ne2 53. Ke4 Nf4 54. Ne5+ Kh5 55.
Nf3 Nxh3 56. Kf5 a5 57. Nh2 a4 58. Ng4 a3 59. Nf6+ Kh6 60. Ng4+ Kg7 61. Ne3 a2 62.
Nc2 Nf2 63. Kxg5 h3 0-1

[Event "*** Titled Tuesday Blitz"]
[Site "Chess.com"]
[Date "2021.02.09"]
[Round "3"]
[White "reutik"]
[Black "SanchezKelvin"]
[Result "0-1"]
[WhiteElo "2235"]
[BlackElo "2449"]
[TimeControl "180+1"]
[EndTime "10:29:54 PST"]
[Termination "SanchezKelvin won on time"]

1. d4 Nf6 2. Bg5 Ne4 3. Bh4 c5 4. f3 Nf6 5. Bxf6 gxf6 6. d5 d6 7.
Nc3 f5 8. e3 a6 9. a4 Bh6 10.
Kf2 Nd7 11. Nh3 Ne5 12. Nf4 Ng6 13. g3 Bd7 14. h4 Qb6 15. Qc1 Nxf4 16. gxf4 O-O-O 17. a5 Qc7 18. Bc4 Rdg8 19. Rg1 Qd8 20. Rxg8 Rxg8 21.
Qh1 e5 22. dxe6 fxe6 23. Rg1 d5 24. Rxg8 Qxg8 25. Bd3 Qg7 26. Qg1 d4 27. Qxg7 Bxg7 28. exd4 Bxd4+ 29. Kg3 Bxc3 30. bxc3 h5 31. Bc4 Kc7 32.
Kf2 b6 33. axb6+ Kxb6 34. Ke3 a5 35. Kd2 Kc6 36. Kc1 Kd6 37. Kb2 Bc6 38. Be2 e5 39. c4 Ke6 40. Ka3 Kf6 41. c3 e4 42. fxe4 fxe4 43. Bxh5 Kf5 44. Be2 Kxf4 45. h5 Be8 46.
h6 Bg6 47. Ka4 Ke3 48. Bg4 Kd3 49. Kxa5 Kxc4 50. Kb6 e3 51. Kc6 Be4+ 52. Kd6 Bh7 53. Be2+ Kxc3 54. Kxc5 Kd2 55. Bh5 Ke1 56. Kd4 Kf2 57.
Bg4 Bc2 58. Bh5 Bf5 0-1

[Event "*** Titled Tuesday Blitz"]
[Site "Chess.com"]
[Date "2021.02.09"]
[Round "3"]
[White "manitodeplomo"]
[Black "CrushingKings"]
[Result "1-0"]
[WhiteElo "2629"]
[BlackElo "2411"]
[TimeControl "180+1"]
[EndTime "10:29:55 PST"]
[Termination "manitodeplomo won on time"]

1. Nc3 c5 2. d4 cxd4 3. Qxd4 Nc6 4. Qh4 d5 5. Bd2 d4 6. Ne4 Bf5 7. O-O-O Qd5 8. Ng3 Qxa2 9. Bf4 Bg6 10. e4 dxe3 11. Bxe3 Qa1+ 12. Kd2 O-O-O+ 13. Bd3 Qxb2 14. Ke1 Nf6 15.
Nf3 Bxd3 16. cxd3 e6 17. Qc4 Bb4+ 18. Bd2 Bxd2+ 19. Rxd2 Qa1+ 20. Ke2 Qa5 21. Rb1 Nd5 22. Ne4 f5 23. Ra2 Qxa2+ 24. Qxa2 fxe4 25. Qb2 exf3+ 26. Kxf3 Nb6 27. g3 Rhf8+ 28. Kg2 Rxd3 29. Qxg7 Rdf3 30. Rf1 Nd5 31. Qxh7 Ne3+ 32. fxe3 Rxf1 33. Qe4 R1f2+ 34. Kg1 a5 35. h4 a4 36. Qxe6+ Kb8 37. h5 a3 38.
Qd6+ Kc8 39. Qxa3 Rf1+ 40. Kg2 R8f3 41. h6 R1f2+ 42. Kh3 Rf6 43. h7 Rh6+ 44. Kg4 Rxh7 45. Qd6 Rhf7 46. Qe6+ Kb8 47. e4 Ka8 48. Qd6 Ka7 49.
e5 Nxe5+ 50. Qxe5 Rg7+ 51. Qxg7 Rf4+ 52. Kxf4 Kb6 53. Qb2+ Ka6 54. g4 Ka7 55. g5 Kb8 56. g6 Kc8 57. g7 Kc7 58. Qf6 b6 59. Ke3 1-0

[Event "*** Titled Tuesday Blitz"]
[Site "Chess.com"]
[Date "2021.02.09"]
[Round "3"]
[White "Pogosian_Manvel"]
[Black "TheCavemanChesss"]
[Result "1-0"]
[WhiteElo "2394"]
[BlackElo "2542"]
[TimeControl "180+1"]
[EndTime "10:29:55 PST"]
[Termination "Pogosian_Manvel won by checkmate"]

1. d4 Nf6 2. Nf3 d5 3. c4 e6 4. g3 Be7 5. Bg2 O-O 6. O-O dxc4 7. Ne5 Nc6 8. Bxc6 bxc6 9. Nxc6 Qe8 10. Nxe7+ Qxe7 11. Qa4 e5 12. dxe5 Qxe5 13. Qxc4 Be6 14. Qd3 Rad8 15. Qe3 Qh5 16. f3 Rfe8 17. Qg5 Qh3 18. Qc5 Bd5 19. Qf2 Bc4 20. Nc3 Re6 21.
Bg5 Rde8 22. Rfe1 Nh5 23. Bd2 Rg6 24. Qg2 Qd7 25. Rad1 Qd6 26. Be3 Qe5 27. Bd4 Qg5 28.
Kf2 Nf4 29. Qf1 Qh5 30. h4 h6 31. e4 Ree6 32. gxf4 Qxh4+ 33. Ke3 Rg3 34. Qxc4 g5 35. Qxc7 Qh3 36. Qd8+ Kh7 37. Qh8+ Kg6 38. Qg7+ Kh5 39. Qxf7+ Kh4 40. Rf1 g4 41. Qxe6 Rxf3+ 42. Rxf3 Qxf3+ 43. Kd2 Qxf4+ 44. Kc2 Qh2+ 45. Kb3 g3 46. Qf6+ Kh3 47. Qf5+ Kg2 48. Rd2+ Kh1 49. Rxh2+ Kxh2 50. Qh5+ Kg2 51. Qxh6 Kf1 52. Qg5 g2 53. Nd1 Ke1 54. Ne3 g1=Q 55.
Qxg1+ Ke2 56. Qg2+ Kd3 57. Qc2+ Kxd4 58. Qc3+ Kxe4 59.
Nc4 Kd5 60. Na5 a6 61. Qc6+ Kd4 62. Qxa6 Kc5 63. Qc4+ Kb6 64. Qb4+ Ka6 65. Nc4 Ka7 66. Qb5 Ka8 67. Ne5 Ka7 68. Nc6+ Ka8 69. Qb8# 1-0

[Event "*** Titled Tuesday Blitz"]
[Site "Chess.com"]
[Date "2021.02.09"]
[Round "3"]
[White "Cambek64"]
[Black "enriquetejedor"]
[Result "0-1"]
[WhiteElo "2346"]
[BlackElo "2529"]
[TimeControl "180+1"]
[EndTime "10:29:55 PST"]
[Termination "enriquetejedor won on time"]

1. e4 c5 2. Nf3 Nc6 3. Bb5 d6 4. O-O Nf6 5. Re1 Bd7 6. c3 a6 7. Bf1 Bg4 8. h3 Bxf3 9. Qxf3 g6 10. d3 Bg7 11. Nd2 O-O 12. Qd1 b5 13. Nf3 Nd7 14. d4 cxd4 15. cxd4 Nb6 16. b3 Rc8 17. Bb2 Nb4 18.
Re2 d5 19. e5 e6 20. a3 Nc6 21. Rc2 Qd7 22. Qd2 Rc7 23. Rac1 Rfc8 24. a4 bxa4 25. Bxa6 axb3 26. Bxc8 Qxc8 27. Rc3 Nc4 28. Qe2 N6a5 29. Ra1 Bf8 30. Ne1 Bb4 31. Nd3 Bxc3 32. Bxc3 Nc6 33. Nc5 N6xe5 34. Nxe6 Qxe6 35. dxe5 Kg7 36. Ra8 Rd7 37.
Bd4 h6 38. Rb8 b2 39. Bxb2 d4 40. Rb4 d3 41. Qd1 Nxb2 42. Rxb2 Qxe5 43. Rd2 Qd4 44.
g3 Qc4 45. h4 h5 46. Kg2 Qe4+ 47. Qf3 Qc4 48. Qe3 Qd5+ 0-1

[Event "*** Titled Tuesday Blitz"]
[Site "Chess.com"]
[Date "2021.02.09"]
[Round "3"]
[White "Redzishchess"]
[Black "klimkoj"]
[Result "1-0"]
[WhiteElo "2285"]
[BlackElo "2548"]
[TimeControl "180+1"]
[EndTime "10:29:55 PST"]
[Termination "Redzishchess won by resignation"]

1. d4 Nf6 2. Bf4 b6 3. Nf3 Bb7 4. e3 g6 5. Nbd2 Bg7 6. Be2 O-O 7. O-O d6 8. c3 Nbd7 9. h3 c5 10. a4 Qc7 11. a5 e5 12. dxe5 Nxe5 13. Nc4 Bxf3 14.
gxf3 Rad8 15. axb6 axb6 16. Qb3 Nxc4 17. Bxc4 Nd7 18.
Rfd1 Ne5 19. Bxe5 Bxe5 20. f4 Bf6 21. Ra6 Rb8 22. Rda1 b5 23. Bxb5 Qb7 24. c4 Qf3 25. Qd1 Qxh3 26. Rxd6 Bxb2 27. Ra7 g5 28. Qd5 Kh8 29.
fxg5 Rg8 30. g6 Qg4+ 31. Qg2 Qxg2+ 32. Kxg2 Rxg6+ 33. Rxg6 fxg6 34. Rc7 Ba3 35. e4 Bb2 36. Rxc5 Rf8 37. Rd5 Bf6 38. e5 Bh4 39. Rd2 Bg5 40. Re2 Bf4 41. e6 Bg5 42. e7 Bxe7 43.
Rxe7 Rf5 44. Re8+ Kg7 45. Rc8 Rg5+ 46. Kf1 Rf5 47. c5 Kf6 48. Rf8+ Ke7 49. Rxf5 gxf5 50. Bd3 Kf6 51. c6 Ke7 52. Bxf5 Kd6 53. Bxh7 Kxc6 54.
Ke2 Kd6 55. Ke3 Ke6 56. Kf4 Kf6 57. Bf5 1-0

[Event "*** Titled Tuesday Blitz"]
[Site "Chess.com"]
[Date "2021.02.09"]
[Round "3"]
[White "oykuince"]
[Black "Michaelson_11"]
[Result "0-1"]
[WhiteElo "1972"]
[BlackElo "2278"]
[TimeControl "180+1"]
[EndTime "10:29:55 PST"]
[Termination "Michaelson_11 won on time"]

1. e4 e6 2. d4 d5 3. Nd2 c5 4. exd5 exd5 5. Ngf3 Nc6 6. Bb5 Qe7+ 7. Ne5 f6 8. O-O fxe5 9. dxe5 Be6 10. Nf3 h6 11. c3 Qf7 12. Qa4 Ne7 13. Be3 g5 14. Bxc5 Bg7 15.
Bxe7 Qxe7 16. Bxc6+ bxc6 17. Qxc6+ Kf7 18. Nd4 Rhc8 19.
Qa6 Rc7 20. f4 gxf4 21. Rxf4+ Kg8 22. Qxe6+ Qxe6 23. Nxe6 Re7 24. Nxg7 Kxg7 25. Rd1 Rxe5 26. Rg4+ Kf6 27. Rgd4 Ke6 28. Kf2 Rb8 29. R1d2 Rf8+ 30. Kg3 Rff5 31. h4 Rf6 32. Kh2 Rg6 33. g3 Rf6 34. Kh3 Rf1 35. Kg2 Ref5 36. Re2+ Kd6 37. Rdd2 R5f3 38. Rf2 R1xf2+ 39. Rxf2 Rd3 40. Re2 Kc5 41. g4 Rd1 42. Kf3 Rf1+ 43. Ke3 Rg1 44. Kf4 Rh1 45.
h5 Rg1 46. Kf5 Kc4 47. Kg6 Rxg4+ 48. Kxh6 Kd3 49. Rf2 a5 50. Rf5 Kc2 51. Rxd5 a4 52. Ra5 Kxb2 0-1

[Event "*** Titled Tuesday Blitz"]
[Site "Chess.com"]
[Date "2021.02.09"]
[Round "3"]
[White "lelajavakhishvili"]
[Black "bascheyaro"]
[Result "0-1"]
[WhiteElo "2491"]
[BlackElo "2739"]
[TimeControl "180+1"]
[EndTime "10:29:56 PST"]
[Termination "bascheyaro won by checkmate"]

1. d4 d5 2. c4 c6 3. Nf3 Nf6 4. e3 Bf5 5. Nc3 e6 6. Nh4 Be4 7. f3 Bg6 8. Qb3 Qb6 9. Nxg6 hxg6 10. Bd2 Nbd7 11. O-O-O Bd6 12. h3 dxc4 13. Bxc4 Nd5 14. Kb1 a5 15. Qxb6 N7xb6 16. Bd3 Nxc3+ 17. bxc3 a4 18.
Kc2 Nd5 19. Rb1 Ra7 20. c4 Nc7 21. c5 Be7 22. e4 Kd7 23. Be3 Bf6 24. Rb4 Kc8 25.
f4 Rd8 26. g4 Be7 27. Rhb1 Rh8 28. Bf1 f5 29. d5 exd5 30. exf5 gxf5 31. gxf5 Rh5 32. Bd4 Bf6 33. Be2 Rxh3 34. Bxf6 gxf6 35. Rg1 Rh8 36. Rg6 Rf8 37. Rg7 Ra5 38. Kd2 Kb8 39. a3 Rxc5 40. Rxa4 Re8 41. Rf7 d4 42. Bd3 Nd5 43. Rxd4 Rh8 44. Bc4 Rh2+ 45. Kd3 Rh3+ 46. Kd2 Ne3 47. Be6 Nxf5 48. Bxf5 Rxf5 49. Rdd7 Rb5 50.
Rxf6 Rb2+ 51. Kc1 Rhh2 52. Rf8+ Ka7 53. Rff7 c5 54. f5 c4 55. f6 c3 56. Rfe7 Rhc2+ 57. Kd1 Rf2 58. Kc1 Rxf6 59. Rc7 Rf1+ 60. Re1 Rxe1# 0-1

[Event "*** Titled Tuesday Blitz"]
[Site "Chess.com"]
[Date "2021.02.09"]
[Round "3"]
[White "PavelChernomordik"]
[Black "SaqoChess_Twitch"]
[Result "1/2-1/2"]
[WhiteElo "2382"]
[BlackElo "2546"]
[TimeControl "180+1"]
[EndTime "10:29:56 PST"]
[Termination "Game drawn - insufficient material"]

1. e4 c5 2. Nc3 d6 3. f4 Nf6 4. Nf3 e6 5. g3 Be7 6. Bg2 O-O 7.
O-O Nc6 8. d3 d5 9. e5 Nd7 10.
Qe2 b6 11. f5 exf5 12. Nxd5 Re8 13. e6 Nf6 14. exf7+ Kxf7 15. Ng5+ Kg8 16. Nxe7+ Rxe7 17. Qd1 Bb7 18. Bf4 h6 19. Nf3 g5 20. Nxg5 hxg5 21. Bxg5 Qd4+ 22. Kh1 Rh7 23. c3 Qd6 24. Rxf5 Rf8 25. Qf1 Nd7 26. Bd5+ Kh8 27. c4 Rxf5 28. Qxf5 Nd4 29. Qe4 Bxd5 30. cxd5 Rg7 31. Qe8+ Kh7 32. Qh5+ Kg8 33. Bf4 Qg6 34. Qxg6 Rxg6 35. Re1 Kf7 36. h4 Rg8 37. h5 Re8 38. Rxe8 Kxe8 39. Kg2 Nf6 40.
Bb8 Nd7 41. Bf4 Nf6 42. h6 Kf7 43. d6 Kg6 44. Be5 Nd7 45. Bxd4 cxd4 46. Kf3 Nc5 47.
g4 Kxh6 48. d7 Nxd7 49. Ke4 Kg5 50. Kxd4 Kxg4 51. Kd5 Kf3 52. Kc6 Ne5+ 53. Kb7 Ke3 54. Kxa7 Nd7 55. Kb7 Kxd3 56. Kc7 Kc2 57. b4 Kc3 58. a3 Kb3 59. Kxd7 Kxa3 60. Kc6 Kxb4 61. Kxb6 1/2-1/2

[Event "*** Titled Tuesday Blitz"]
[Site "Chess.com"]
[Date "2021.02.09"]
[Round "3"]
[White "imdvb6307"]
[Black "Grineva_Marianna"]
[Result "0-1"]
[WhiteElo "2376"]
[BlackElo "2205"]
[TimeControl "180+1"]
[EndTime "10:29:57 PST"]
[Termination "Grineva_Marianna won on time"]

1. c4 e5 2. Nc3 d6 3. d4 Be7 4. Nf3 Nd7 5. e4 Ngf6 6. Be2 c6 7.
O-O O-O 8. Qc2 Qc7 9. Rd1 a6 10. Kh1 Re8 11. c5 exd4 12. cxd6 Bxd6 13. Nxd4 Bxh2 14.
g3 Bxg3 15. fxg3 Qxg3 16. Qd3 Qh4+ 17. Kg2 Nc5 18. Qg3 Qxg3+ 19. Kxg3 Ncxe4+ 20. Nxe4 Nxe4+ 21. Kg2 c5 22. Nf3 Bg4 23. Ng1 Be6 24. Bf4 Rad8 25. Bf3 f5 26. Bxe4 fxe4 27. Be3 b6 28. b3 Rf8 29. Rxd8 Rxd8 30. Re1 Bg4 31. Nh3 Bf3+ 32.
Kg3 Rd3 33. Kf2 Rc3 34. Rc1 Rxc1 35. Bxc1 h6 36. Nf4 Kf7 37. Nd5 b5 38. Nc7 c4 39.
b4 Ke7 40. Nxa6 Kd6 41. Nc5 Kd5 42. Bb2 g5 43. a4 bxa4 44. Nxa4 g4 45. Bf6 h5 46.
Nc3+ Kc6 47. Bg5 e3+ 48. Kxe3 Kb7 49. Kf2 Bc6 50. Be3 Bd7 51. Kg3 Kc6 52. Kh4 Be8 53.
Bd4 Bf7 54. b5+ Kb7 55. Ne4 Bd5 56. Nd6+ Kc7 57. Nf5 c3 0-1